 Dungeon Crawl Stone Soup version 0.30.0-5-g1a98f26d00 (webtiles) character file.

Game seed: 17470135181368373026

406 HeliumTrimp the Trooper (level 7, 0/50 (56) HPs)
             Began as a Formicid Hunter on May 10, 2023.
             Succumbed to Crazy Yiuf's poison
             ... on level 3 of the Dungeon.
             The game lasted 00:06:30 (3531 turns).

HeliumTrimp the Trooper (Formicid Hunter)           Turns: 3531, Time: 00:06:31

HP:   0/50 (56)     AC: 13    Str: 20    XL:     7   Next: 12%
MP:   5/6           EV: 11    Int:  7    God:
Gold: 179           SH:  0    Dex: 18    Spells: 6/6 levels left

rFire   . . .        t - +0 rapier
rCold   . . .        (no shield)
rNeg    . . .        u - +0 ring mail
rPois   .            (helmet unavailable)
rElec   .            (no cloak)
rCorr   .            o - +1 pair of gloves
SInv    +            r - +2 pair of boots
Will    .....        (no amulet)
Stlth   +            l - ring of wizardry
HPRegen 0.28/turn    (no ring)
MPRegen 0.10/turn

%: wizardry (x1)
@: lethally poisoned (0 -> -9), heavily drained
A: permanent stasis, dig shafts and tunnels, antennae 3, four strong arms,
iridescent scales 1, low MP 1, strong 1
a: Dig, Shaft Self


You were on level 3 of the Dungeon.
You visited 1 branch of the dungeon, and saw 3 of its levels.
You also visited: Sewer.

You collected 179 gold pieces.

Inventory:

Hand Weapons
 a - a +0 shortbow
 t - a +0 rapier (weapon)
Armour
 o - a +1 pair of gloves (worn)
 r - a +2 pair of boots (worn)
 u - a +0 ring mail (worn)
Jewellery
 l - a ring of wizardry (left hand)
Wands
 p - a wand of polymorph (9)
Scrolls
 b - 4 scrolls of immolation
 g - 2 scrolls of fog
 j - a scroll of identify
Potions
 i - a potion of resistance
Miscellaneous
 s - a box of beasts


   Skills:
 - Level 5.0 Fighting
 * Level 3.8 Short Blades
 - Level 4.0 Ranged Weapons
 + Level 3.6 Armour
 - Level 1.7 Dodging
 - Level 1.2 Stealth


You had 6 spell levels left.
You didn't know any spells.
Your spell library contained the following spells:

 Spells                   Type           Power      Damage    Failure   Level
 Gell's Gravitas          Tloc           0%         N/A       63%         3
 Teleport Other           Tloc           0%         N/A       63%         3
 Alistair's Intoxication  Tmut/Pois      0%         N/A       100%        5
 Borgnjor's Vile Clutch   Necr/Erth      0%         N/A       100%        5
 Dispersal                Tloc           0%         N/A       100%        6
 Eringya's Noxious Bog    Tmut/Pois      0%         N/A       100%        6


Dungeon Overview and Level Annotations

Branches:
Dungeon (3/15)              Sewer (visited)

Altars:

Annotations:
D:3 Crazy Yiuf


Innate Abilities, Weirdness & Mutations

You cannot be hasted, slowed, berserked, paralysed or teleported.
You can dig through walls and to a lower floor.
You have a pair of large antennae on your head. (SInv)
Your four strong arms can wield two-handed weapons with a shield.
You are partially covered in iridescent scales. (AC +2)
Your magical capacity is low. (-10% MP)
Your muscles are strong. (Str +4, Int/Dex -1)


Message History

Crazy Yiuf says, "Goldfish!
Snoogle Orb Guardian rumpyflump."
Crazy Yiuf laughs, "East!"
Crazy Yiuf says, "East sing-song hog!"
Done waiting.
Really quaff the potion of mutation?
You feel extremely strange.
You feel less energetic. x2; Your body twists and deforms.
Crazy Yiuf yells, "Leather koolooloo leg!"
Really quaff the potion of mutation?
You feel extremely strange.
Your body's shape seems more normal.
You feel more energetic.
Iridescent scales grow over part of your body.
You feel stronger.
You open the door. You hit Crazy Yiuf.
Crazy Yiuf is lightly wounded.
Crazy Yiuf laughs, "Prologue noodlescoop sallow!"
Crazy Yiuf closely misses you.
You barely miss Crazy Yiuf.
Crazy Yiuf is lightly wounded.
Crazy Yiuf hits you with a +4 quarterstaff of chaos.
You barely miss Crazy Yiuf.
Crazy Yiuf is lightly wounded.
Crazy Yiuf hits you with a +4 quarterstaff of chaos!
You are poisoned.
You hit Crazy Yiuf but do no damage.
Crazy Yiuf is lightly wounded.
You feel very sick.
Crazy Yiuf hits you with a +4 quarterstaff of chaos!
Crazy Yiuf freezes you.
Okay, then.
You hit Crazy Yiuf but do no damage.
You feel very sick.
Crazy Yiuf hits you with a +4 quarterstaff of chaos!
* * * LOW HITPOINT WARNING * * *
Crazy Yiuf freezes you.
* * * LOW HITPOINT WARNING * * *
Okay, then.
You barely miss Crazy Yiuf.
You die...

#....# #.#... ###..#
####.#... #..# ##........
#### #......... ##.###....
#.# #.#'# ####♣ **### #.#
#.#.# ##...♣♣♣ ♣♣#..)#
#.###.#.# #....PP♣♣♣♣@g...#
#.#.#.#.. #.......♣..♣#...#
#.#.#.#.. #.#..P.♣.♣♣♣**###
#...#.#.. #.###♣♣♣♣♣
###.#.+.† #..# ###'###..
##.# #####
#########......##
#.###...###.....#.#......#
#(......'.........#......##
#####...####....###......'.


You could see Crazy Yiuf.

Vanquished Creatures
  An ogre (D:3)
  2 bullfrogs (Sewer)
  Jessica (D:2)
  3 gnolls (D:3)
  4 adders
  A river rat (D:3)
  A worm (D:3)
  A dart slug (D:1)
  An orc (D:3)
  13 endoplasms
  10 giant cockroaches
  8 goblins
  5 hobgoblins
  9 quokkas
  13 ball pythons
  7 bats
  7 frilled lizards
  A kobold (D:3)
  5 rats
93 creatures vanquished.

Notes
Turn   | Place    | Note
-------+----------+-------------------------------------------
     0 | D:1      | HeliumTrimp the Formicid Hunter began the quest for the
                  | Orb.
     0 | D:1      | Reached XP level 1. HP: 16/16 MP: 1/1
   166 | D:1      | Reached XP level 2. HP: 23/23 MP: 2/2
   241 | D:1      | Reached skill level 1 in Armour
   251 | D:1      | Reached skill level 3 in Fighting
   410 | D:1      | Reached XP level 3. HP: 19/29 MP: 3/3
   881 | D:2      | Noticed Jessica
   887 | D:2      | Killed Jessica
   888 | D:2      | Reached skill level 1 in Short Blades
   888 | D:2      | Reached XP level 4. HP: 35/36 MP: 4/4
  1302 | D:2      | Found a faded altar of an unknown god.
  1743 | D:3      | Noticed an ogre
  1755 | D:3      | Killed an ogre
  1756 | D:3      | Reached skill level 4 in Fighting
  1756 | D:3      | Reached XP level 5. HP: 12/43 MP: 5/5
  1887 | D:3      | Found a glowing drain.
  1899 | Sewer    | Entered a sewer
  2144 | Sewer    | Reached XP level 6. HP: 35/49 MP: 6/6
  2445 | Sewer    | Reached skill level 5 in Fighting
  2833 | D:3      | Reached XP level 7. HP: 56/56 MP: 7/7
  3405 | D:3      | Found a runed translucent door.
  3406 | D:3      | Noticed Crazy Yiuf
  3523 | D:3      | Gained mutation: Your magical capacity is low. (-10% MP)
                  | [potion of mutation]
  3523 | D:3      | Gained mutation: Your magical capacity is very low. (-20%
                  | MP) [potion of mutation]
  3523 | D:3      | Gained mutation: Armour fits poorly on your strangely
                  | shaped body. [potion of mutation]
  3524 | D:3      | Lost mutation: Armour fits poorly on your strangely shaped
                  | body. [potion of mutation]
  3524 | D:3      | Lost mutation: Your magical capacity is very low. (-20% MP)
                  | [potion of mutation]
  3524 | D:3      | Gained mutation: You are partially covered in iridescent
                  | scales. (AC +2) [potion of mutation]
  3524 | D:3      | Gained mutation: Your muscles are strong. (Str +4, Int/Dex
                  | -1) [potion of mutation]
  3531 | D:3      | Succumbed to Crazy Yiuf's poison

Illustrated notes

Levels and vault maps discovered:
D:1:      dpeg_arrival_erosion, layout_basic, minivault_25
D:2:      layout_basic, shapermc_ecumenical_altar_hornbeckon, uniq_jessica
D:3:      layout_basic, cheibrodos_sewer_entry_sluice, uniq_crazy_yiuf_cottage

Skill      XL: |  1  2  3  4  5  6 |
---------------+-------------------+-----
Armour         | 1 2 3 |  3.6
Fighting       | 3 4 5 |  5.0
Short Blades   | 1 2 3 |  3.8
Ranged Weapons | |  4.0
Dodging        | |  1.7
Stealth        | |  1.2

Action                     |  1- 3 |  4- 6 |  7- 9 || total
---------------------------+-------+-------+-------++-------
  Melee: Club              |    14 |       |       ||    14
         Dagger            |    77 |   423 |     4 ||   504
         Punch             |     3 |     7 |       ||    10
         Rapier            |       |       |    40 ||    40
   Fire: Shortbow          |     3 |     3 |       ||     6
Ability: Dig               |       |     1 |     1 ||     2
    Use: Scroll            |       |       |    10 ||    10
         Potion            |       |       |     2 ||     2
   Stab: Sleeping          |     5 |     3 |       ||     8
 Armour: Leather armour    |    20 |   185 |     4 ||   209
  Dodge: Dodged            |    41 |   291 |    19 ||   351
